 Dungeon Crawl Stone Soup version 0.19.1-1-g22dce08 (webtiles) character file.

14 bombpersons the Magician (level 2, -3/15 HPs)
             Began as a Deep Elf Wizard on Dec 28, 2016.
             Slain by a hobgoblin
             ... wielding a +0 club
              (5 damage)
             ... on level 2 of the Dungeon.
             The game lasted 00:04:53 (1355 turns).

bombpersons the Magician (Deep Elf Wizard)          Turns: 1355, Time: 00:04:54

Health: -3/15      AC:  2    Str:  4    XL:     2   Next: 31%
Magic:  7/10       EV: 13    Int: 27    God:
Gold:   24         SH:  0    Dex: 13    Spells: 3 memorised, 6 levels left

rFire  . . .     SeeInvis +     g - +0 short sword
rCold  . . .     Gourm    .     a - +0 robe
rNeg   . . .     Faith    .     (no shield)
rPois  .         Spirit   .     b - +0 hat
rElec  .         Reflect  .     (no cloak)
rCorr  .         Harm     .     (no gloves)
MR     .....                    (no boots)
Stlth  ++........               (no amulet)
                                (no ring)
                                e - ring of see invisible

@: brilliant, very slightly contaminated
A: no striking features
a: no special abilities


You were on level 2 of the Dungeon.
You were not hungry.

You visited 1 branch of the dungeon, and saw 2 of its levels.

You collected 24 gold pieces.

Inventory:

Hand Weapons
 g - a +0 short sword (weapon)
Armour
 a - a +0 robe (worn)
 b - a +0 hat (worn)
Jewellery
 e - a ring of see invisible (left hand)
Scrolls
 f - a scroll of amnesia {unknown}
 h - a scroll of magic mapping {unknown}
 i - a scroll of identify {unknown}
 l - a scroll of enchant armour {unknown}
 n - a scroll of enchant weapon {unknown}
Potions
 k - a potion of haste {unknown}
 m - a potion of flight {unknown}
Books
 c - a book of Minor Magic

   Spells                             Type                      Level
   a - Magic Dart                     Conjuration                  1
   b - Blink                          Translocation                2
   c - Call Imp                       Summoning                    2
   d - Repel Missiles                 Charms/Air                   2
   e - Slow                           Hexes                        2
   f - Conjure Flame                  Conjuration/Fire             3
   g - Mephitic Cloud                 Conjuration/Poison/Air       3


   Skills:
 - Level 2.4 Dodging
 - Level 2.4 Stealth
 + Level 5.4 Spellcasting
 - Level 1.1 Conjurations
 - Level 1.1 Summonings
   Level 1.1 Translocations


You had 6 spell levels left.
You knew the following spells:

 Your Spells              Type           Power        Failure   Level  Hunger
a - Magic Dart            Conj           ####         1%          1    None
b - Slow                  Hex            ###.....     1%          2    None
c - Call Imp              Summ           ####....     1%          2    None


Dungeon Overview and Level Annotations

Branches:
Dungeon (2/15)

Altars:


Message History

The hobgoblin is almost dead.
The hobgoblin barely misses you. The hobgoblin hits you with a club.
You hit the hobgoblin.
You kill the hobgoblin!
The rat closely misses you. The hobgoblin misses you. The rat bites you.
You closely miss the hobgoblin. The hobgoblin barely misses you.
The rat closely misses you.
You barely miss the hobgoblin. The rat barely misses you.
The hobgoblin hits you with a club.
You hit the hobgoblin.
The hobgoblin is almost dead.
The rat bites you but does no damage. The hobgoblin closely misses you.
You barely miss the hobgoblin.
The hobgoblin is almost dead.
The rat bites you. The hobgoblin hits you with a club.
* * * LOW HITPOINT WARNING * * *
It was a potion of brilliance.
You feel clever all of a sudden. The rat closely misses you.
The hobgoblin hits you with a club.
You die...

### #..
#.. #.. #
#.. .#
#..## ..#
#..r##.?.#
#..$@g...#
#........#
####++####


You could see a hobgoblin and a rat.

Vanquished Creatures
  A dart slug (D:1)
  A giant cockroach (D:1)
  A goblin (D:1)
  2 hobgoblins
  3 bats (D:1)
  A frilled lizard (D:1)
  2 kobolds (D:1)
  2 rats (D:1)
13 creatures vanquished.

Notes
Turn   | Place    | Note
-------+----------+-------------------------------------------
     0 | D:1      | bombpersons the Deep Elf Wizard began the quest for the Orb.
     0 | D:1      | Reached XP level 1. HP: 10/10 MP: 7/7
   226 | D:1      | Reached skill level 5 in Spellcasting
   576 | D:1      | Reached XP level 2. HP: 15/15 MP: 7/10
   581 | D:1      | Learned a level 2 spell: Slow
   584 | D:1      | Learned a level 2 spell: Call Imp
  1355 | D:2      | Slain by a hobgoblin

Skill      XL: |  1 |
---------------+----+-----
Spellcasting   | 5 |  5.4
Dodging        | |  2.4
Stealth        | |  2.4
Conjurations   | |  1.1
Summonings     | |  1.1
Translocations | |  1.1

Action                   || total
-------------------------++-------
Melee: Short sword       ||     9
 Cast: Magic Dart        ||    27
  Use: Potion            ||     1
  Eat: Bread ration      ||     1
Armor: Robe              ||     5
Dodge: Dodged            ||    13
